BSA
CHICAGO MACHINE @ ST CHARLES SHEENS
03/01/2029
 
TOP OF THE 1ST
Chicago Machine batting - Pitching for St Charles Sheens : LHP António Coronado
Pitching: LHP António Coronado
Batting: RHB Nick Harris 0-0: Called Strike
0-1: Ball
1-1: Ball
2-1: Foul Ball, location: 2F
2-2: Ball
3-2: Ground out 6-3 (Groundball, 6D)
Batting: SHB José Alomar 0-0: Ground out 4-3 (Groundball, 4)
Batting: RHB Doug Stephens 0-0: Ball
1-0: Called Strike
1-1: Ball
2-1: Ball
3-1: Base on Balls
Batting: RHB Gonzalo Gil 0-0: Called Strike
0-1: Called Strike
0-2: Ball
1-2: Ball
2-2: Fly out, F7 (Flyball, 78M)
Top of the 1st over - 0 runs, 0 hits, 0 errors, 1 left on base; Chicago 0 - St Charles 0
BOTTOM OF THE 1ST
St Charles Sheens batting - Pitching for Chicago Machine : RHP Anthony Jackson
Pitching: RHP Anthony Jackson
Batting: RHB Miguel Palácios 0-0: Ball
1-0: Swinging Strike
1-1: Ball
2-1: Foul Ball, location: 2F
2-2: Ground out 4-3 (Groundball, 4)
Batting: RHB Víctor Arredondo 0-0: Ball
1-0: Foul Ball, location: 2F
1-1: SINGLE (Groundball, 6D)
Batting: LHB Larry Howard 0-0: Ball
Wild Pitch!
Víctor Arredondo to second
1-0: Ground out 4-3 (Groundball, 4)
Víctor Arredondo to third
Batting: RHB Dan Tyler 0-0: Ball
1-0: Fly out, F7 (Flyball, 7LM)
Bottom of the 1st over - 0 runs, 1 hit, 0 errors, 1 left on base; Chicago 0 - St Charles 0
TOP OF THE 2ND
Chicago Machine batting - Pitching for St Charles Sheens : LHP António Coronado
Batting: RHB Roberto Tobías 0-0: Ball
1-0: Ball
2-0: Called Strike
2-1: Foul Ball, location: 2F
2-2: Strikes out swinging
Batting: LHB Bernardo Montés 0-0: Called Strike
0-1: Ball
1-1: Ball
2-1: Foul Ball, location: 2F
2-2: Foul Ball, location: 2F
2-2: Strikes out swinging
Batting: RHB Jesse McKnight 0-0: Swinging Strike
0-1: Swinging Strike
0-2: Strikes out swinging
Top of the 2nd over - 0 runs, 0 hits, 0 errors, 0 left on base; Chicago 0 - St Charles 0
BOTTOM OF THE 2ND
St Charles Sheens batting - Pitching for Chicago Machine : RHP Anthony Jackson
Batting: RHB Max Rash 0-0: Ball
1-0: Fly out, F3 (Popup, 3S)
Batting: RHB Miguel Encarnación 0-0: Ball
1-0: Ball
2-0: Called Strike
2-1: Called Strike
2-2: SINGLE (Groundball, 56D)
Batting: RHB Judson Backstrom Pickoff Throw to First - Error! E1
Miguel Encarnación to second
0-0: Called Strike
0-1: Ball
1-1: Ball
2-1: Ball
3-1: Foul Ball, location: 2F
3-2: Base on Balls
Batting: LHB Jason Lambert 0-0: 3-RUN HOME RUN (Flyball, 9LD), Distance : 358 ft
Batting: RHB Walton Smith 0-0: Ball
1-0: Ball
2-0: Called Strike
2-1: Ball
3-1: Foul Ball, location: 2F
3-2: Base on Balls
Batting: RHB Miguel Palácios 0-0: Ball
1-0: Fly out, F6 (Popup, P)
Batting: RHB Víctor Arredondo 0-0: Called Strike
0-1: Called Strike
0-2: Foul Ball, location: 2F
0-2: Strikes out swinging
Bottom of the 2nd over - 3 runs, 2 hits, 1 error, 1 left on base; Chicago 0 - St Charles 3
TOP OF THE 3RD
Chicago Machine batting - Pitching for St Charles Sheens : LHP António Coronado
Batting: RHB Tony Parker 0-0: Ball
1-0: Called Strike
1-1: Swinging Strike
1-2: Foul Ball, location: 2F
1-2: Foul Ball, location: 2F
1-2: Foul Ball, location: 2F
1-2: Ball
2-2: Ball
3-2: DOUBLE (Groundball, 5L)
Batting: LHB José González 0-0: Ball
1-0: Ground out U3 (Groundball, 34)
Tony Parker to third
Batting: RHB Nick Harris 0-0: Ball
1-0: Fly out, F9 (Line Drive, 9S)
Runner from 3rd tags up, SCORES, no throw
Batting: SHB José Alomar 0-0: Called Strike
0-1: Fly out, F3 (Popup, 34S)
Top of the 3rd over - 1 run, 1 hit, 0 errors, 0 left on base; Chicago 1 - St Charles 3
BOTTOM OF THE 3RD
St Charles Sheens batting - Pitching for Chicago Machine : RHP Anthony Jackson
Batting: LHB Larry Howard 0-0: Ground out U3 (Groundball, 3)
Batting: RHB Dan Tyler 0-0: Ball
1-0: SINGLE (Groundball, 6MD)
Batting: RHB Max Rash 0-0: Ball
1-0: Ball
2-0: Fielders Choice at 2nd, 4-6 (Groundball, 34)
Batting: RHB Miguel Encarnación 0-0: Ball
1-0: Ground out 4-3 (Groundball, 34)
Bottom of the 3rd over - 0 runs, 1 hit, 0 errors, 1 left on base; Chicago 1 - St Charles 3
TOP OF THE 4TH
Chicago Machine batting - Pitching for St Charles Sheens : LHP António Coronado
Batting: RHB Doug Stephens 0-0: Ball
1-0: DOUBLE (Flyball, 8LXD)
Batting: RHB Gonzalo Gil 0-0: Swinging Strike
0-1: Called Strike
0-2: Ground out 6-3 (Groundball, 6)
Batting: RHB Roberto Tobías 0-0: Foul Ball, location: 2F
0-1: Foul Ball, location: 2F
0-2: Foul Ball, location: 2F
0-2: Strikes out swinging
Batting: LHB Bernardo Montés 0-0: Ball
1-0: Foul Ball, location: 2F
1-1: Ball
2-1: Foul Ball, location: 2F
2-2: Ball
3-2: Ground out 1-3 (Groundball, P)
Top of the 4th over - 0 runs, 1 hit, 0 errors, 1 left on base; Chicago 1 - St Charles 3
BOTTOM OF THE 4TH
St Charles Sheens batting - Pitching for Chicago Machine : RHP Anthony Jackson
Batting: RHB Judson Backstrom 0-0: Ball
1-0: Ball
2-0: Ground out 4-3 (Groundball, 4S)
Batting: LHB Jason Lambert 0-0: SINGLE (Groundball, 4MD)
Batting: RHB Walton Smith 0-0: Swinging Strike
0-1: Foul Ball, location: 2F
0-2: Foul Ball, location: 2F
0-2: Strikes out swinging
Batting: RHB Miguel Palácios 0-0: Ball
1-0: SINGLE (Groundball, 6) (infield hit)
Jason Lambert to second
Batting: RHB Víctor Arredondo 0-0: Called Strike
0-1: 3-RUN HOME RUN (Flyball, 7LD), Distance : 351 ft
Pitching: RHP Pedro Mendoza
Batting: LHB Larry Howard 0-0: Ball
1-0: SOLO HOME RUN (Flyball, 9D), Distance : 397 ft
Batting: RHB Dan Tyler 0-0: Foul Ball, location: 2F
0-1: Swinging Strike
0-2: Foul Ball, location: 2F
0-2: Ball
1-2: Ball
2-2: Foul Ball, location: 2F
2-2: SINGLE (Flyball, 9S)
Batting: RHB Max Rash 0-0: Called Strike
0-1: Called Strike
0-2: Foul Ball, location: 2F
0-2: Ball
Dan Tyler is caught stealing 2nd base
Bottom of the 4th over - 4 runs, 5 hits, 0 errors, 0 left on base; Chicago 1 - St Charles 7
TOP OF THE 5TH
Chicago Machine batting - Pitching for St Charles Sheens : LHP António Coronado
Pitching: RHP Jesse Jones
Batting: RHB Jesse McKnight 0-0: Ball
1-0: Ball
2-0: Ball
3-0: Called Strike
3-1: Foul Ball, location: 2F
3-2: Reached via error on a dropped throw, E1
Batting: RHB Tony Parker 0-0: Swinging Strike
0-1: Ball
1-1: Swinging Strike
1-2: Ball
2-2: Ball
3-2: Foul Ball, location: 2F
3-2: Fly out, F9 (Flyball, 9S)
Batting: LHB José González 0-0: Ball
1-0: Foul Ball, location: 2F
1-1: Ball
2-1: Foul Ball, location: 2F
2-2: Strikes out looking
Jesse McKnight steals 2nd base
Batter strikes out.
Batting: RHB Nick Harris 0-0: Called Strike
0-1: Ball
1-1: Swinging Strike
1-2: SINGLE (Groundball, 56D)
Jesse McKnight to third
Runner from 3rd tries for Home, throw and OUT!
Top of the 5th over - 0 runs, 1 hit, 1 error, 1 left on base; Chicago 1 - St Charles 7
BOTTOM OF THE 5TH
St Charles Sheens batting - Pitching for Chicago Machine : RHP Pedro Mendoza
Batting: RHB Max Rash 0-0: Ball
1-0: Fly out, F7 (Flyball, 78S)
Batting: RHB Miguel Encarnación 0-0: Ball
1-0: Ball
2-0: SINGLE (Groundball, 56D)
Batting: RHB Judson Backstrom 0-0: Grounds into double play, 6-4-3 (Groundball, 6)
Bottom of the 5th over - 0 runs, 1 hit, 0 errors, 0 left on base; Chicago 1 - St Charles 7
TOP OF THE 6TH
Chicago Machine batting - Pitching for St Charles Sheens : RHP Jesse Jones
Batting: SHB José Alomar 0-0: Ball
1-0: Ball
2-0: Swinging Strike
2-1: Swinging Strike
2-2: Strikes out swinging
Batting: RHB Doug Stephens 0-0: Ball
1-0: Fly out, F8 (Flyball, 78M)
Batting: RHB Gonzalo Gil 0-0: Called Strike
0-1: Fly out, F8 (Flyball, 8RS)
Top of the 6th over - 0 runs, 0 hits, 0 errors, 0 left on base; Chicago 1 - St Charles 7
BOTTOM OF THE 6TH
St Charles Sheens batting - Pitching for Chicago Machine : RHP Pedro Mendoza
Batting: LHB Jason Lambert 0-0: Fly out, F9 (Flyball, 89S)
Batting: RHB Walton Smith 0-0: Swinging Strike
0-1: Foul Ball, location: 2F
0-2: Ball
1-2: DOUBLE (Line Drive, 7LM)
Pinch Hitting: LHB Benny Richard 0-0: Called Strike
0-1: Ball
1-1: Ball
2-1: Called Strike
2-2: Ball
3-2: Fly out, F7 (Flyball, 7D)
Pinch Hitting: RHB Jesús Hernández 0-0: Ground out 5-3 (Groundball, 5S)
Bottom of the 6th over - 0 runs, 1 hit, 0 errors, 1 left on base; Chicago 1 - St Charles 7
TOP OF THE 7TH
Chicago Machine batting - Pitching for St Charles Sheens : RHP Jesse Jones
Now at 2B: Alfredo Hernández
Now in RF: Jesús Hernández
Batting: RHB Roberto Tobías 0-0: Ground out 6-3 (Groundball, 6)
Batting: LHB Bernardo Montés 0-0: Hit by Pitch
Pitching: RHP António Ojeda
Batting: RHB Jesse McKnight 0-0: Called Strike
0-1: Ball
1-1: Foul Ball, location: 2F
1-2: Reached on error, E4 (Groundball, 4)
Bernardo Montés to second
Batting: RHB Tony Parker 0-0: Ball
1-0: Swinging Strike
1-1: Foul Ball, location: 2F
1-2: Strikes out looking
Batting: LHB José González 0-0: Ball
1-0: Foul Ball, location: 2F
1-1: Foul Ball, location: 2F
1-2: Ball
2-2: Ground out 3-1 (Groundball, 34)
Top of the 7th over - 0 runs, 0 hits, 1 error, 2 left on base; Chicago 1 - St Charles 7
BOTTOM OF THE 7TH
St Charles Sheens batting - Pitching for Chicago Machine : RHP Pedro Mendoza
Pinch Hitting: RHB Sergio Pujols 0-0: Called Strike
0-1: Ball
1-1: Ball
2-1: SINGLE (Line Drive, 89S)
Pinch Hitting: LHB Kyle Harrison 0-0: Called Strike
0-1: Ball
1-1: Ball
2-1: Fly out, F9 (Flyball, 9LM)
Pinch Hitting: RHB Augusto Trevino 0-0: Foul Ball, location: 2F
0-1: Ball
1-1: Foul Ball, location: 2F
1-2: Ball
2-2: Strikes out swinging
Pinch Hitting: LHB Nick Gamble 0-0: Ball
1-0: DOUBLE (Groundball, 3L)
Sergio Pujols to third
Runner from 3rd tries for Home, SAFE, throw made at trailing runner, OUT at third!
Bottom of the 7th over - 1 run, 2 hits, 0 errors, 0 left on base; Chicago 1 - St Charles 8
TOP OF THE 8TH
Chicago Machine batting - Pitching for St Charles Sheens : RHP António Ojeda
Now at 3B: Sergio Pujols
Now at SS: Kyle Harrison
Now in LF: Augusto Trevino
Now in RF: Nick Gamble
Pinch Hitting: RHB Lorenzo Guzmán 0-0: Called Strike
0-1: Ball
1-1: Foul Ball, location: 2F
1-2: Ball
2-2: Strikes out swinging, 2-3 out at first.
Pinch Hitting: LHB Fernando Ortíz 0-0: Called Strike
0-1: Called Strike
0-2: Ball
1-2: Fly out, F9 (Flyball, 9LSF)
Batting: RHB Doug Stephens 0-0: Ball
1-0: Ball
2-0: Ball
3-0: Fly out, F9 (Flyball, 9LSF)
Top of the 8th over - 0 runs, 0 hits, 0 errors, 0 left on base; Chicago 1 - St Charles 8
BOTTOM OF THE 8TH
St Charles Sheens batting - Pitching for Chicago Machine : RHP Pedro Mendoza
Pitching: RHP Horace Jacobs
Now in LF: Lorenzo Guzmán
Now in CF: Carl O'Dell
Batting: RHB Judson Backstrom 0-0: SINGLE (Line Drive, 8RS)
Batting: LHB Jason Lambert 0-0: Ball
1-0: Swinging Strike
1-1: 2-RUN HOME RUN (Flyball, 78XD), Distance : 423 ft
Batting: RHB Walton Smith 0-0: Ball
1-0: Ball
2-0: Called Strike
2-1: Ball
3-1: Base on Balls
Batting: RHB Alfredo Hernández 0-0: Ball
1-0: Called Strike
1-1: Ball
2-1: Foul Ball, location: 2F
2-2: DOUBLE (Flyball, 8LXD)
Walton Smith to third
Batting: RHB Jesús Hernández 0-0: TRIPLE (Flyball, 8RXD)
Walton Smith scores
Alfredo Hernández scores
Batting: RHB Sergio Pujols 0-0: Ball
1-0: DOUBLE (Flyball, 78D)
Jesús Hernández scores
Batting: LHB Kyle Harrison 0-0: Ball
1-0: SINGLE (Line Drive, 4MD)
Sergio Pujols to third
Batting: RHB Augusto Trevino 0-0: Swinging Strike
0-1: Foul Ball, location: 2F
0-2: Ball
1-2: Strikes out looking
Batting: LHB Nick Gamble 0-0: Ball
1-0: Fly out, F8 (Flyball, 8LXD)
Runner from 3rd tags up, SCORES, no throw
Batting: RHB Judson Backstrom 0-0: Called Strike
0-1: Foul Ball, location: 2F
0-2: Ground out U3 (Groundball, 3L)
Bottom of the 8th over - 6 runs, 6 hits, 0 errors, 1 left on base; Chicago 1 - St Charles 14
TOP OF THE 9TH
Chicago Machine batting - Pitching for St Charles Sheens : RHP António Ojeda
Pinch Hitting: SHB Clint Woods 0-0: Reached via error on a dropped throw, E3
Batting: RHB Will Lott 0-0: Ball
1-0: Ball
2-0: Swinging Strike
2-1: Foul Ball, location: 2F
2-2: Foul Ball, location: 2F
2-2: Strikes out swinging
Pinch Hitting: LHB Ken Nelson 0-0: Ball
1-0: Called Strike
1-1: Ball
2-1: Foul Ball, location: 2F
2-2: Strikes out looking
Pinch Hitting: RHB Pablo Sandoval 0-0: Ball
1-0: Foul Ball, location: 2F
1-1: Called Strike
1-2: Ground out U3 (Groundball, 3)
Top of the 9th over - 0 runs, 0 hits, 1 error, 1 left on base; Chicago 1 - St Charles 14
Saturday, December 16th, 2017 - OOTP Baseball 18.8 Build 76